 Dungeon Crawl Stone Soup version 0.28-a0-863-g8cecda6153 (webtiles) character file.

Game seed: 12533645658399264677

29645 IdlyInterested the Unseen (level 13, 0/88 HPs)
             Began as a Formicid Gladiator on Nov 18, 2021.
             Was an Elder of Dithmenos.
             Slain by a five-headed hydra (9 damage)
             ... on level 4 of the Lair of Beasts on Nov 19, 2021.
             The game lasted 01:02:41 (16881 turns).

IdlyInterested the Unseen (Formicid Gladiator)     Turns: 16881, Time: 01:02:42

Health: 0/88       AC: 16    Str: 19    XL:     13   Next: 82%
Magic:  17/17      EV: 13    Int:  9    God:    Dithmenos [****..]
Gold:   977        SH:  0    Dex: 16    Spells: 18/18 levels left

rFire   + + +      SeeInvis +   W - +2 scimitar (flame)
rCold   . . .      Faith    .   S - +0 kite shield
rNeg    . . .      Spirit   .   X - +3 leather armour {rF+}
rPois   .          Reflect  +   (helmet unavailable)
rElec   .          Harm     .   J - +2 cloak
rCorr   .          Rampage  .   y - +0 pair of gloves
Will    +....                   e - +0 pair of boots
Stlth   +++.......              N - amulet of Yrriget {Reflect +Blink SH+5}
HPRegen 0.24/turn               h - ring of protection from fire
MPRegen 0.15/turn               o - ring of protection from fire

@: confused, ambrosia-drunk, wreathed by umbra
A: permanent stasis, dig shafts and tunnels, antennae 3, four strong arms,
iridescent scales 2
a: Dig, Shaft Self, Renounce Religion, Shadow Step


You were on level 4 of the Lair of Beasts.
You worshipped Dithmenos.
Dithmenos was greatly pleased with you.
You visited 3 branches of the dungeon, and saw 16 of its levels.
You also visited: Sewer, Bailey and Volcano.

You collected 977 gold pieces.

Inventory:

Hand Weapons
 p - a +3 dagger
 t - a +1 short sword of protection
 u - the +10 dagger "Demonslayer" {drain, rElec rPois rC++ Dex+2}
   (You found it on level 6 of the Dungeon)

   A truly terrible weapon, it drains the life of any living foe it strikes.
   Dex:       It affects your dexterity (+2).
   rC:        It greatly protects you from cold.
   rElec:     It insulates you from electricity.
   rPois:     It protects you from poison.
 M - a +1 short sword of venom
 W - a +2 scimitar of flaming (weapon)
 Y - a +1 quick blade of flaming
Missiles
 c - 5 throwing nets
 d - 354 stones
 g - 91 poisoned darts (quivered)
 r - 3 curare-tipped darts
 w - 2 javelins
 A - 5 boomerangs
 K - 10 atropa-tipped darts
Armour
 e - a +0 pair of boots (worn)
 y - a +0 pair of gloves (worn)
 F - a +2 robe of positive energy
 G - a +2 robe of willpower
 J - a +2 cloak (worn)
 O - a +0 troll leather armour
 S - a +0 kite shield (worn)
 X - a +3 leather armour of fire resistance (worn)
Jewellery
 h - a ring of protection from fire (left hand)
 o - a ring of protection from fire (right hand)
 C - a ring of fire
 N - the amulet of Yrriget (around neck) {Reflect +Blink SH+5}
   (You found it on level 9 of the Dungeon)

   [amulet of reflection]

   It reflects blocked missile attacks.
   +Blink:    It lets you blink.
   SH:        It affects your SH (+5).
Wands
 f - a wand of digging (5)
 D - a wand of mindburst (16)
 H - a wand of paralysis (9)
 I - a wand of flame (36)
 V - a wand of iceblast (24)
Scrolls
 a - a scroll of amnesia
 b - 2 scrolls of fog
 m - a scroll of enchant weapon
 q - 3 scrolls of fear
 P - 5 scrolls of identify
 R - 2 scrolls of enchant armour
 T - a scroll of silence
Potions
 i - 2 potions of cancellation
 j - a potion of magic
 k - 10 potions of curing
 l - 2 potions of attraction
 n - 2 potions of heal wounds
 v - 4 potions of mutation
 x - 3 potions of might
 E - a potion of lignification
 L - a potion of brilliance
 Q - a potion of invisibility
Miscellaneous
 U - a tin of tremorstones (1/2)


   Skills:
 - Level 4.0 Fighting
 + Level 11.5 Short Blades
 - Level 4.0 Throwing
 - Level 4.0 Armour
 * Level 3.5 Dodging
 * Level 17.7 Stealth
 + Level 12.8 Shields
 - Level 3.0 Spellcasting
 - Level 4.0 Invocations
 - Level 4.0 Evocations


You had 18 spell levels left.
You didn't know any spells.
Your spell library contained the following spells:

 Spells                   Type           Power      Damage    Failure   Level
 Sandblast                Erth           2%         2d4       34%         1
 Passwall                 Tmut/Erth      0%         N/A       45%         2
 Stone Arrow              Conj/Erth      2%         3d7       71%         3


Dungeon Overview and Level Annotations

Branches:
Dungeon (11/15)            Temple (1/1) D:5            Lair (4/6) D:11
 Shoals (0/4) Lair:4       Spider (0/4) Lair:2          Orc (0/2) D:11
  Sewer (visited)          Bailey (visited)         Volcano (visited)

Altars:
Ashenzari
Cheibriados
Dithmenos
Elyvilon
Fedhas
Gozag
Hepliaklqana
Kikubaaqudgha
Makhleb
Nemelex Xobeh
Okawaru
Qazlal
Ru
Sif Muna
Trog
Uskayaw
Vehumet
Wu Jian
Xom
Yredelemnul
Zin
The Shining One

Shops:
D:4 *?   D:9 [   D:11 (


Innate Abilities, Weirdness & Mutations

You cannot be hasted, slowed, berserked, paralysed or teleported.
You can dig through walls and to a lower floor.
You have a pair of large antennae on your head. (SInv)
Your four strong arms can wield two-handed weapons with a shield.
You are mostly covered in iridescent scales. (AC +4)


Message History

The six-headed hydra bites you but does no damage.
The six-headed hydra bites you.
* * * LOW HITPOINT WARNING * * *
The six-headed hydra closely misses you.
The six-headed hydra bites you!
* * * LOW HITPOINT WARNING * * *
The six-headed hydra bites you but does no damage.
The six-headed hydra barely misses you. The six-headed hydra misses you.
You hack one of the six-headed hydra's heads off!
The flame cauterises the wound!
You slash the five-headed hydra! You burn the five-headed hydra!
The five-headed hydra is almost dead.
The five-headed hydra bites you but does no damage.
The five-headed hydra misses you. The five-headed hydra bites you.
* * * LOW HITPOINT WARNING * * *
The five-headed hydra barely misses you.
The five-headed hydra bites you but does no damage.
You're too confused to move!
The five-headed hydra bites you but does no damage.
The five-headed hydra closely misses you.
The five-headed hydra bites you.
* * * LOW HITPOINT WARNING * * *
The five-headed hydra closely misses you.
The five-headed hydra bites you but does no damage.
You slash the plant!
The plant begins to die.
You burn the plant.
The plant is lightly damaged.
The five-headed hydra bites you but does no damage.
The five-headed hydra bites you.
* * * LOW HITPOINT WARNING * * *
The five-headed hydra bites you but does no damage. x2
The five-headed hydra barely misses you.
You closely miss the five-headed hydra.
The five-headed hydra is almost dead.
The five-headed hydra looks more healthy.
The five-headed hydra closely misses you.
The five-headed hydra misses you.
The five-headed hydra completely misses you.
The five-headed hydra barely misses you.
The five-headed hydra bites you!
You die...

*,**,,**,,,##.......##P##P.....<#
,,,,,*,,,.##$....P...............
,,,,*,*,,#.#...............##....
,*,,,*,,,.............P...#####..
*****,,,,......P#..........##....
*****,,,*........#...............
,**,,,,**.......................#
,,,,,,,**.....(D................#
,***,,,,*.......@.##P...###.....#
** *,,,,,....#...P###....###.....
**,,,,...#....## #...#####.... *
***,,*,.,*##...#*##.....# ####.
***,*,,**,,**##...*#.###P## ##
,**,,*,*,,,,* #...*#.# *##
,,,,,,***,,***#.P#*###
*,,,,,,,*,,,,*#### *,,*,,,,,,,,**


You could see a five-headed hydra.

Vanquished Creatures
  A red draconian (Volcano)
  Harold (D:8)
  2 hydras
  A catoblepas (Lair:3)
  An ogre mage (Volcano)
  10 two-headed ogres
  Nergalle (D:10)
  An orb spider (Lair:2)
  A cyclops (D:7)
  Maurice (D:8)
  4 black mambas
  4 cane toads
  Psyche (D:9)
  3 rime drakes
  6 komodo dragons
  3 trolls
  A hornet (D:9)
  Grinder (D:3)
  Prince Ribbit (D:5)
  3 blink frogs (Lair:4)
  Sigmund (D:5)
  2 wyverns
  25 yaks
  2 basilisks
  A shadow (D:10)
  A wraith (D:11)
  A steam dragon (D:6)
  A vampire mosquito (D:11)
  4 wargs (D:11)
  An acid dragon (D:10)
  6 water moccasins
  A sky beast (D:7)
  4 orc warriors (D:11)
  A black bear (D:6)
  2 ogres
  A necrophage (D:7)
  A centaur (D:9)
  6 kobold brigands
  A phantom (D:6)
  9 bullfrogs
  2 gnoll sergeants
  2 scorpions
  20 killer bees
  21 wights
  A howler monkey (D:11)
  An electric eel (Lair:3)
  7 centaur zombies
  7 hounds
  A jelly (D:7)
  3 orc priests
  A bullfrog skeleton (D:5)
  A centaur skeleton (D:4)
  2 iguanas
  6 orc wizards
  2 hound skeletons
  3 howler monkey zombies
  8 gnolls
  2 adders
  2 shadow imps (D:7)
  2 white imps
  An ufetubus (Temple)
  3 adder skeletons (D:4)
  A worm (D:2)
  22 orcs
  10 endoplasms
  5 giant cockroaches
  8 goblins
  8 hobgoblins
  3 jackals (D:2)
  16 kobolds
  10 quokkas
  9 ball pythons
  8 bats
  4 frilled lizards
  7 rats
  A butterfly (D:5)
328 creatures vanquished.

Vanquished Creatures (others)
  2 vampire mosquitoes (D:11)
  2 fungi (Lair:3)
  5 plants
9 creatures vanquished.

Grand Total: 337 creatures vanquished

Notes
Turn   | Place    | Note
-------+----------+-------------------------------------------
     0 | D:1      | IdlyInterested the Formicid Gladiator began the quest for
                  | the Orb.
     0 | D:1      | Reached XP level 1. HP: 16/16 MP: 1/1
   334 | D:1      | Reached XP level 2. HP: 22/22 MP: 2/2
   362 | D:1      | Reached skill level 1 in Stealth
   396 | D:1      | Reached skill level 1 in Invocations
   537 | D:1      | Found a faded altar of an unknown god.
   835 | D:1      | Reached XP level 3. HP: 27/27 MP: 3/3
   913 | D:1      | Gained mutation: You are partially covered in iridescent
                  | scales. (AC +2) [potion of mutation]
   913 | D:1      | Gained mutation: You are mostly covered in iridescent
                  | scales. (AC +4) [potion of mutation]
  1340 | D:2      | Reached skill level 1 in Evocations
  1384 | D:2      | Reached skill level 2 in Stealth
  1527 | D:2      | Found a burning altar of Makhleb.
  1598 | D:2      | Reached XP level 4. HP: 33/33 MP: 4/4
  1877 | D:3      | Found a hide-covered altar of Uskayaw.
  1901 | D:3      | Found a sacrificial altar of Ru.
  1933 | D:3      | Noticed a scorpion
  1940 | D:3      | Killed a scorpion
  1941 | D:3      | Reached skill level 3 in Stealth
  1941 | D:3      | Reached skill level 1 in Shields
  1941 | D:3      | Reached XP level 5. HP: 31/38 MP: 5/5
  2081 | D:3      | Noticed Grinder
  2095 | D:3      | Killed Grinder
  2096 | D:3      | Reached skill level 5 in Short Blades
  2096 | D:3      | Reached skill level 1 in Armour
  2096 | D:3      | Reached skill level 5 in Stealth
  2096 | D:3      | Reached XP level 6. HP: 17/44 MP: 6/6
  2926 | D:4      | Found a glowing drain.
  2930 | Sewer    | Entered a sewer
  3091 | Sewer    | Reached XP level 7. HP: 40/50 MP: 7/7
  3100 | Sewer    | Reached skill level 6 in Stealth
  3252 | Sewer    | Reached skill level 1 in Spellcasting
  3270 | Sewer    | Reached skill level 7 in Stealth
  4662 | D:4      | Found a shimmering altar of Xom.
  4664 | D:4      | Found a shimmering altar of Xom.
  4669 | D:4      | Found a shimmering altar of Xom.
  4671 | D:4      | Found a shimmering altar of Xom.
  4675 | D:4      | Found a shimmering altar of Xom.
  4786 | D:4      | Reached XP level 8. HP: 21/56 MP: 9/9
  5043 | D:4      | Reached skill level 8 in Stealth
  5222 | D:4      | Found Xouggo's General Store.
  5284 | D:4      | Found a burning altar of Makhleb.
  5347 | D:4      | Found an ornate altar of the Wu Jian Council.
  5542 | D:4      | Found Xastraal's Magic Scroll Boutique.
  5682 | D:5      | Entered Level 5 of the Dungeon
  5717 | D:5      | Found a staircase to the Ecumenical Temple.
  5731 | Temple   | Entered the Ecumenical Temple
  6113 | D:5      | Noticed Sigmund
  6120 | D:5      | Killed Sigmund
  6164 | D:5      | Noticed Prince Ribbit
  6175 | D:5      | Reached skill level 9 in Stealth
  6192 | D:5      | Killed Prince Ribbit
  6193 | D:5      | Reached XP level 9. HP: 37/61 MP: 9/11
  7145 | D:6      | Identified the +10 dagger "Demonslayer" {drain, rElec rPois
                  | rC++ Dex+2}
  7429 | D:6      | Reached skill level 10 in Stealth
  7527 | D:6      | Found a glowing golden altar of the Shining One.
  7850 | D:7      | Found a shadowy altar of Dithmenos.
  7918 | D:7      | Became a worshipper of Dithmenos the Shadowed
  8184 | D:7      | Found a faded altar of an unknown god.
  8187 | D:7      | Found a hazy altar of Hepliaklqana.
  8205 | D:7      | Reached skill level 11 in Stealth
  8205 | D:7      | Reached XP level 10. HP: 67/69 MP: 13/13
  8514 | D:7      | Noticed a cyclops
  8523 | D:7      | Killed a cyclops
  8748 | D:8      | Noticed Harold
  8764 | D:8      | Killed Harold
  8765 | D:8      | Reached skill level 5 in Shields
  8853 | D:8      | Found a bloodstained altar of Trog.
  8887 | D:8      | Reached * piety under Dithmenos
  8997 | D:8      | Reached skill level 12 in Stealth
  9466 | D:8      | Noticed Maurice
  9486 | D:8      | Killed Maurice
  9633 | D:9      | Noticed a komodo dragon
  9634 | D:9      | Killed a komodo dragon
  9635 | D:9      | Reached skill level 10 in Short Blades
  9635 | D:9      | Reached XP level 11. HP: 75/75 MP: 14/14
  9647 | D:9      | Found a stormy altar of Qazlal.
  9679 | D:9      | Found Uvetaul's Antique Armour Boutique.
  9712 | D:9      | Found a blossoming altar of Fedhas.
  9712 | D:9      | Found a shimmering blue altar of Sif Muna.
  9745 | D:9      | Noticed Psyche
  9751 | D:9      | Killed Psyche
  9769 | D:9      | Found a flagged portal.
  9780 | Bailey   | Entered a bailey
  9824 | D:9      | Reached skill level 13 in Stealth
  9829 | D:9      | Reached ** piety under Dithmenos
 10085 | D:9      | Noticed a two-headed ogre
 10086 | D:9      | Identified the amulet of Yrriget {Reflect +Blink SH+5}
 10095 | D:9      | Killed a two-headed ogre
 10933 | D:10     | Entered Level 10 of the Dungeon
 10933 | D:10     | Noticed a two-headed ogre
 10946 | D:10     | Killed a two-headed ogre
 11008 | D:10     | Found a radiant altar of Vehumet.
 11264 | D:10     | Reached skill level 14 in Stealth
 11266 | D:10     | Noticed Nergalle
 11289 | D:10     | Killed Nergalle
 11862 | D:10     | Noticed a two-headed ogre
 11871 | D:10     | Killed a two-headed ogre
 12279 | D:11     | Reached XP level 12. HP: 71/81 MP: 16/16
 12351 | D:11     | Found a staircase to the Orcish Mines.
 12363 | D:11     | Found a staircase to the Lair.
 12370 | D:11     | Found Roji's Weapon Shop.
 12740 | D:11     | Noticed a two-headed ogre
 12747 | D:11     | Killed a two-headed ogre
 12748 | D:11     | Reached skill level 10 in Shields
 13521 | Lair:1   | Entered Level 1 of the Lair of Beasts
 13598 | Lair:1   | Reached skill level 15 in Stealth
 13846 | Lair:1   | Noticed a four-headed hydra
 13862 | Lair:1   | Killed a four-headed hydra
 14325 | Lair:2   | Reached *** piety under Dithmenos
 14391 | Lair:2   | Found a hole to the Spider Nest.
 14521 | Lair:2   | Reached XP level 13. HP: 88/88 MP: 17/17
 14809 | Lair:3   | Noticed a catoblepas
 14867 | Lair:3   | Killed a catoblepas
 14868 | Lair:3   | Reached skill level 16 in Stealth
 15438 | Lair:3   | Noticed a seven-headed hydra
 15453 | Lair:3   | Killed a seven-headed hydra
 16087 | Lair:4   | Found a dark tunnel.
 16097 | Volcano  | Entered a volcano
 16113 | Volcano  | Noticed an ogre mage
 16125 | Volcano  | Killed an ogre mage
 16126 | Volcano  | Reached skill level 17 in Stealth
 16126 | Volcano  | Found a bloodstained altar of Trog.
 16186 | Volcano  | Noticed a red draconian
 16244 | Volcano  | Killed a red draconian
 16765 | Lair:4   | Reached **** piety under Dithmenos
 16862 | Lair:4   | Noticed an eight-headed hydra
 16877 | Lair:4   | HP: 1/88 [six-headed hydra (10)]
 16881 | Lair:4   | Slain by a five-headed hydra

Illustrated notes

Levels and vault maps discovered:
D:1:      minmay_arrival_up_and_down, layout_basic,
          chequers_ecumenical_altar_grove
D:2:      layout_basic, basic_altar
D:3:      layout_basic, overflow_temple_1_default,
          nicolae_overflow_crystal_walls, uniq_grinder
D:4:      layout_basic, pdpol_wu_jian_five_deadly_venoms, xom_redecorated,
          mainiacjoe_overflow_six_doors_small, gup_sewer_entry_spiral,
          serial_shops, nicolae_shop_statue_plus, nicolae_stop_n_shop_1,
          kennysheep_generic_room_8
D:5:      layout_cave_pods, minmay_temple_entry_butterflies,
          uniq_prince_ribbit1, uniq_sigmund
D:6:      layout_basic, tso_oasis_becter, kennysheep_another_room
D:7:      layout_basic, beargit_hepliaklqana_dungeon_heroes,
          mainiacjoe_overflow_paths, kennysheep_generic_room_12
D:8:      layout_basic, lemuel_tele_altar, uniq_maurice, uniq_harold
D:9:      layout_gridville, gammafunk_temple_overflow_statue,
          mainiacjoe_overflow_surrounded_room, enter_bailey_1, serial_shops,
          nicolae_shop_advertising_works [nicolae_subvault_shop_adworks],
          uniq_psyche
D:10:     layout_basic, nicolae_vehumet_altar_sigil, uniq_nergalle
D:11:     layout_long_grid, lair_entry_dummy, orc_0_dummy, serial_shops,
          nicolae_shop_bloodbath_and_beyond, nooodl_orcs_dogs
Temple:   nicolae_temple_figure_zero
Lair:1:   layout_misc_corridors, chequers_serial_rivers_small_3,
          lemuel_fruit_fields
Lair:2:   layout_cave_shapes, nicolae_spider_entry_orb_guardian
Lair:3:   layout_concentric_octagons, infiniplex_staircase_pool
Lair:4:   layout_layer_cave, minmay_shoals_entry_beasts, enter_volcano_1

Skill      XL: |  1  2  3  4  5  6  7  8  9 10 11 12 13 |
---------------+----------------------------------------+-----
Stealth        | 1 2 3 5 7 9 11 12 14 15 17 | 17.7
Invocations    | 1 2 3 4 |  4.0
Evocations     | 1 2 3 4 |  4.0
Short Blades   | 4 5 7 8 10 11 | 11.5
Shields        | 1 2 3 5 8 11 12 | 12.8
Armour         | 1 2 3 4 |  4.0
Spellcasting   | 1 2 3 |  3.0
Fighting       | 3 4 |  4.0
Throwing       | 3 4 |  4.0
Dodging        | 3 |  3.5

Action                   |  1- 3 |  4- 6 |  7- 9 | 10-12 | 13-15 || total
-------------------------+-------+-------+-------+-------+-------++-------
Melee: Rapier            |    51 |       |       |       |       ||    51
       Dagger            |    35 |   108 |   381 |   618 |   213 ||  1355
       Scimitar          |       |       |       |       |     7 ||     7
       Quick blade       |       |       |       |       |     2 ||     2
Throw: Dart              |     1 |     4 |     6 |     1 |     4 ||    16
       Throwing net      |       |     3 |       |     1 |     3 ||     7
       Boomerang         |       |       |       |     2 |       ||     2
 Abil: Dig               |       |       |    24 |       |       ||    24
Evoke: Wand              |       |       |     1 |     2 |     1 ||     4
       Tin of tremorston |       |       |       |       |     1 ||     1
  Use: Potion            |     4 |     5 |     3 |     1 |     8 ||    21
       Scroll            |     1 |     3 |     5 |     8 |     1 ||    18
 Stab: Sleeping          |     9 |     7 |    13 |    20 |    13 ||    62
       Held in net/web   |       |     2 |       |       |     1 ||     3
       Distracted        |       |       |       |     1 |       ||     1
Armor: Leather armour    |    22 |    38 |    82 |       |    20 ||   162
       Ring mail         |       |       |     1 |       |       ||     1
       Chain mail        |       |       |    22 |    14 |       ||    36
       Scale mail        |       |       |       |   162 |    39 ||   201
Dodge: Dodged            |    26 |    59 |   189 |   177 |    61 ||   512
Block: Buckler           |       |       |    45 |   108 |       ||   153
       Kite shield       |       |       |       |   155 |   115 ||   270
       Reflection        |       |       |       |     2 |       ||     2

Table legend: (Time is in decaauts)
 A = Elapsed time spent in this place.
 B = Non-inter-level travel time spent in this place.
 C = Inter-level travel time spent in this place.
 D = Time resting spent in this place.
 E = Time spent auto-exploring this place.
 F = Levels seen in this place.
 G = Mean time per level.
                   A        B        C        D        E       F      G
               +--------+--------+--------+--------+--------+-----+--------+
         Total |  16528 |  15711 |    817 |   1811 |   9092 |  19 |  869.9 |
       Dungeon |  11416 |  10759 |    657 |   1345 |   6973 |  11 | 1037.8 |
        Temple |    127 |    118 |      9 |      0 |    113 |   1 |  127.0 |
          Lair |   2717 |   2566 |    151 |    222 |   1844 |   4 |  679.2 |
         Sewer |   1772 |   1772 |      0 |    244 |      6 |   1 | 1772.0 |
        Bailey |      3 |      3 |      0 |      0 |      0 |   1 |    3.0 |
       Volcano |    490 |    490 |      0 |      0 |    154 |   1 |  490.0 |
               +--------+--------+--------+--------+--------+-----+--------+

Top non-repeatable levels by time:
   Sewer: 1772 daAuts
     D:9: 1336 daAuts
    D:11: 1257 daAuts
     D:4: 1251 daAuts
     D:5: 1179 daAuts
    D:10: 1178 daAuts
  Lair:3: 1170 daAuts
     D:3: 1027 daAuts
     D:1: 992 daAuts
     D:8: 829 daAuts
     D:7: 821 daAuts
     D:2: 788 daAuts
     D:6: 753 daAuts
  Lair:1: 740 daAuts
 Volcano: 490 daAuts
